 Dungeon Crawl Stone Soup version 0.23-a0-408-g9d4b7edeb2 (webtiles) character file.

4405 Naru the Basher (level 10, -12/65 HPs)
             Began as a Gargoyle Berserker on Nov 8, 2018.
             Was a Priest of Trog.
             Mangled by a cyclops (19 damage)
             ... on level 9 of the Dungeon.
             The game lasted 00:20:52 (8023 turns).

Naru the Basher (Gargoyle Berserker)                Turns: 8023, Time: 00:20:52

Health: -12/65     AC: 19    Str: 21    XL:     10   Next: 35%
Magic:  8/10       EV: 12    Int:  8    God:    Trog [***...]
Gold:   341        SH:  9    Dex: 12    Spells: 9/9 levels left

rFire    . . .     SeeInvis .   a - +5 whip (elec)
rCold    . . .     Gourm    .   K - +0 shield
rNeg     + . .     Faith    .   H - +3 scale mail {MR+}
rPois    ∞         Spirit   .   (no helmet)
rElec    +         Reflect  +   (no cloak)
rCorr    .         Harm     .   w - +0 pair of gloves
MR       +++..                  (no boots)
Stlth    ..........             r - +2 amulet of reflection
HPRegen  1.20/turn              p - ring of flight
MPRegen  0.12/turn              t - +5 ring of evasion

@: berserk cooldown, regenerating, slowed, very slow
A: negative energy resistance 1, electricity resistance, unbreathing,
petrification resistance, rot immunity, AC +7
a: Berserk, Trog's Hand, Renounce Religion, Evoke Flight


You were on level 9 of the Dungeon.
You worshipped Trog.
Trog was most pleased with you.
You were very hungry.

You visited 1 branch of the dungeon, and saw 9 of its levels.

You collected 341 gold pieces.

Inventory:

Hand Weapons
 a - a +5 whip of electrocution (weapon)
 b - a +0 hunting sling
Missiles
 h - 284 stones (quivered)
 i - 133 bolts
 q - 2 throwing nets
 y - 9 tomahawks
 C - 21 poisoned needles
 F - 2 needles of sleeping
Armour
 w - a +0 pair of gloves (worn)
 H - a +3 scale mail of magic resistance (worn)
 K - a +0 shield (worn)
Jewellery
 p - a ring of flight (left hand)
 r - a +2 amulet of reflection (around neck)
 t - a +5 ring of evasion (right hand)
Wands
 e - a wand of polymorph (3)
 J - a wand of acid (7)
Scrolls
 f - a scroll of immolation
 g - a scroll of enchant armour
 k - 2 scrolls of fog
 u - 4 scrolls of remove curse
 x - 3 scrolls of magic mapping
 A - 3 scrolls of identify
 I - a scroll of fear {unknown}
Potions
 d - a potion of brilliance
 j - 3 potions of heal wounds
 l - 2 potions of magic
 m - a potion of flight {unknown}
 n - 3 potions of resistance
 o - a potion of invisibility {unknown}
 s - 3 potions of curing {unknown}
 v - 3 potions of berserk rage
 z - a potion of cancellation {unknown}
 B - 4 potions of agility
 D - a potion of mutation
 E - a potion of ambrosia {unknown}
 G - a potion of might {unknown}
Comestibles
 c - 12 rations
 L - a chunk of flesh


   Skills:
 * Level 8.6 Fighting
 * Level 10.9 Maces & Flails
 + Level 2.0 Slings
 - Level 8.0 Armour
 - Level 1.5 Dodging
 * Level 0.2 Shields


You had 9 spell levels left.
You didn't know any spells.
Your spell library was empty.

Dungeon Overview and Level Annotations

Branches:
Dungeon (9/15)             Temple (0/1) D:6
   Lair: D:8-11         Orc: D:9-12

Altars:
Dithmenos
Elyvilon
Gozag
Kikubaaqudgha
Nemelex Xobeh
Okawaru
Ru
Sif Muna
Trog
Uskayaw
Xom
Yredelemnul
Zin
The Shining One

Annotations:
D:6 1 runed door, 1 exclusion


Innate Abilities, Weirdness & Mutations

You are resistant to torment.
Your stone body is resilient. (AC +7)
You are immune to poison.
You resist negative energy. (rN+)
You are resistant to electric shocks. (rElec)
You can survive without breathing.
You are immune to petrification.
You are immune to rotting.


Message History

The large rock barely misses you.
You see here 3 large rocks.
The cyclops throws a large rock.
The large rock hits you!
* * * LOW HITPOINT WARNING * * *
You see here a large rock.
You are too injured to fight recklessly!
You are too injured to fight recklessly!
The cyclops throws a large rock.
The large rock closely misses you. The cyclops hits you!
* * * LOW HITPOINT WARNING * * *
You hit the cyclops. Lightning courses through the cyclops!
The cyclops is lightly wounded.
You whack the cyclops! Lightning courses through the cyclops!
The cyclops is heavily wounded.
The cyclops hits you!
* * * LOW HITPOINT WARNING * * *
You hit the cyclops.
The cyclops is severely wounded.
The cyclops hits you!!
You die...

.### #####...# #
##...#...# #.#####
.........#####.C@.(#
............##.###(#
............##.# #.#
.)..........##.# #.#
#....#.........###)#
))...............#.#
#####....#.#...#.#.#
#.#.##..# #..#÷#
#.#.....# #..#.#


You could see a cyclops.

Vanquished Creatures
  A merfolk (D:9)
  A troll (D:9)
  A hornet (D:8)
  Sigmund (D:4)
  A hungry ghost (D:4)
  A water moccasin (D:8)
  2 orc warriors
  A hornet zombie (D:5)
  4 sky beasts
  3 ogres
  2 ice beasts
  2 phantoms
  An eye of draining (D:9)
  4 centaurs
  4 bullfrogs
  A scorpion (D:4)
  2 wights (D:9)
  5 killer bees (D:9)
  3 howler monkeys
  3 crimson imps
  A hound (D:7)
  A jelly (D:5)
  A bullfrog skeleton (D:5)
  9 orc priests
  3 iguanas
  4 orc wizards
  6 worker ants
  A hound skeleton (D:5)
  A howler monkey skeleton (D:4)
  10 adders
  2 oozes
  2 adder skeletons
  A worm (D:2)
  A dart slug (D:1)
  4 leopard geckos
  27 orcs
  14 bats
  3 giant cockroaches
  9 goblins
  9 hobgoblins
  4 ball pythons
  3 frilled lizards
  A jackal zombie (D:8)
  7 kobolds
  2 rats
169 creatures vanquished.

Notes
Turn   | Place    | Note
-------+----------+-------------------------------------------
     0 | D:1      | Naru the Gargoyle Berserker began the quest for the Orb.
     0 | D:1      | Reached XP level 1. HP: 14/14 MP: 1/1
   370 | D:1      | Reached XP level 2. HP: 19/19 MP: 2/2
   741 | D:1      | Reached XP level 3. HP: 19/24 MP: 3/3
  1045 | D:2      | Found an iron altar of Okawaru.
  1141 | D:2      | Reached ** piety under Trog
  1357 | D:2      | Reached skill level 4 in Maces & Flails
  1357 | D:2      | Reached XP level 4. HP: 27/29 MP: 4/4
  1397 | D:2      | Reached XP level 5. HP: 34/34 MP: 5/5
  1925 | D:3      | Found a sparkling altar of Nemelex Xobeh.
  2025 | D:3      | Reached skill level 5 in Maces & Flails
  2130 | D:3      | Found a glowing golden altar of the Shining One.
  2232 | D:3      | Reached XP level 6. HP: 40/40 MP: 6/6
  2733 | D:4      | Reached *** piety under Trog
  2733 | D:4      | Reached skill level 5 in Fighting
  2884 | D:4      | Noticed a hungry ghost
  2895 | D:4      | Killed a hungry ghost
  2895 | D:4      | Reached skill level 6 in Maces & Flails
  2895 | D:4      | Reached XP level 7. HP: 44/44 MP: 7/7
  2914 | D:4      | Noticed Sigmund
  2940 | D:4      | Killed Sigmund
  3217 | D:4      | Found a shimmering altar of Xom.
  3357 | D:5      | Entered Level 5 of the Dungeon
  3364 | D:5      | Reached skill level 7 in Maces & Flails
  3491 | D:5      | Reached XP level 8. HP: 36/51 MP: 8/8
  3766 | D:5      | Reached skill level 5 in Armour
  3922 | D:5      | Reached skill level 8 in Maces & Flails
  4351 | D:6      | Found an ancient bone altar of Kikubaaqudgha.
  4351 | D:6      | Found a basalt altar of Yredelemnul.
  4351 | D:6      | Found a hide-covered altar of Uskayaw.
  4511 | D:6      | Reached XP level 9. HP: 50/56 MP: 9/9
  4811 | D:6      | Found a staircase to the Ecumenical Temple.
  4857 | D:6      | Got a faintly glowing falchion
  4945 | D:6      | Found a runed door.
  5094 | D:6      | Found a deep blue altar of Sif Muna.
  5259 | D:7      | Found a glowing silver altar of Zin.
  5511 | D:7      | Reached skill level 9 in Maces & Flails
  5936 | D:7      | Identified the cursed +1 falchion of Gallantry {flame, rC+
                  | Str+2 Int+2 SInv} (You found it on level 6 of the Dungeon)
  6391 | D:8      | Noticed a hornet
  6402 | D:8      | Killed a hornet
  6520 | D:8      | Reached **** piety under Trog
  6595 | D:8      | Found a white marble altar of Elyvilon.
  6843 | D:8      | Found a shadowy altar of Dithmenos.
  6886 | D:8      | Reached skill level 10 in Maces & Flails
  6886 | D:8      | Reached skill level 1 in Slings
  7206 | D:8      | Reached XP level 10. HP: 64/64 MP: 10/10
  7219 | D:8      | Found a bloodstained altar of Trog.
  7219 | D:8      | Found a sacrificial altar of Ru.
  7490 | D:9      | Found an opulent altar of Gozag.
  7532 | D:9      | HP: 1/97 [wight/+0 morningstar (7)]
  8011 | D:9      | Noticed a cyclops
  8023 | D:9      | Mangled by a cyclops

Vault maps used:
D:1:      dpeg_arrival_rooms_c
D:2:      cheibrodos_pilgrimage, okawaru_ov_weapons_minmay
D:3:      nicolae_overflow_crystal_walls, first_ration, tso_metal_star
D:4:      nicolae_overflow_hidden_temple, hex_tiny, uniq_sigmund
D:5:      minmay_divided_ellipse
D:6:      led_sif_book, grunt_temple_overflow_open,
          minmay_temple_entry_overgrown, uniq_crazy_yiuf_cottage
D:7:      zin_treasury
D:8:      elyvilon_altar_4, gammafunk_temple_overflow_elements,
          grunt_dithmenos_smoke
D:9:      kennysheep_mini_moat, hangedman_fish_farm

Skill      XL: |  1  2  3  4  5  6  7  8  9 10 |
---------------+-------------------------------+-----
Fighting       | 4 5 6 8 |  8.6
Maces & Flails | 4 5 6 7 8 10 | 10.9
Armour         | 3 4 6 7 8 |  8.0
Slings         | 1 2 |  2.0
Dodging        | |  1.5
Shields        | |  0.2

Action                   |  1- 3 |  4- 6 |  7- 9 | 10-12 || total
-------------------------+-------+-------+-------+-------++-------
Melee: Mace              |    95 |   107 |       |       ||   202
       Flail             |       |    13 |       |       ||    13
       Whip              |       |    64 |   320 |    64 ||   448
Invok: Trog's Hand       |       |     3 |     3 |     4 ||    10
       Berserk           |       |     2 |     2 |     2 ||     6
  Use: Scroll            |     2 |       |    17 |       ||    19
 Stab: Sleeping          |     1 |       |       |       ||     1
  Eat: Chunk             |     1 |     7 |    12 |     1 ||    21
       Ration            |       |       |     2 |     1 ||     3
Armor: Animal skin       |    37 |       |       |       ||    37
       Leather armour    |    14 |    75 |       |       ||    89
       Skin              |     2 |       |       |       ||     2
       Ring mail         |       |     1 |    61 |       ||    62
       Scale mail        |       |       |    52 |    21 ||    73
Dodge: Dodged            |    88 |   116 |   146 |    38 ||   388
Block: Other             |       |       |     7 |     2 ||     9

Table legend:
 A = Non-vault XP
 B = Vault XP
 C = Vault XP percentage of total XP
 D = Non-vault monster count
 E = Vault monster count
 F = Vault count percentage of total count
                 A         B        C        D         E       F
            +---------+---------+-------+---------+---------+-------
      Total |    5030 |    1264 |  20.1 |     152 |      17 |  10.1
            +---------+---------+-------+---------+---------+-------
        D:1 |      41 |       0 |   0.0 |      20 |       0 |   0.0
        D:2 |      67 |     123 |  64.7 |      24 |       5 |  17.2
        D:3 |     134 |       0 |   0.0 |      26 |       0 |   0.0
        D:4 |     394 |     212 |  35.0 |      11 |       1 |   8.3
        D:5 |     419 |     620 |  59.7 |      11 |      10 |  47.6
        D:6 |     715 |       0 |   0.0 |      11 |       0 |   0.0
        D:7 |     474 |       0 |   0.0 |      13 |       0 |   0.0
        D:8 |    1658 |       0 |   0.0 |      21 |       0 |   0.0
        D:9 |    1128 |     309 |  21.5 |      15 |       1 |   6.2
            +---------+---------+-------+---------+---------+-------
